3AA
MARQUETTE MINERS @ OTTAWA NATIONALS
07/17/2029
 
TOP OF THE 1ST
Marquette Miners batting - Pitching for Ottawa Nationals : LHP Francisco Jiménez
Pitching: LHP Francisco Jiménez
Batting: RHB Juan Tellado 0-0: Called Strike
0-1: Ball
1-1: Ball
2-1: Swinging Strike
2-2: Fly out, F6 (Line Drive, 6M)
Batting: LHB Greg Gross 0-0: Ball
1-0: Foul Ball, location: 2F
1-1: Ground out 6-3 (Groundball, 6)
Batting: RHB Edgar Balerio 0-0: Ball
1-0: Fly out, F8 (Flyball, 8LS)
Top of the 1st over - 0 runs, 0 hits, 0 errors, 0 left on base; Marquette 0 - Ottawa 0
BOTTOM OF THE 1ST
Ottawa Nationals batting - Pitching for Marquette Miners : RHP Carson Vancuren
Pitching: RHP Carson Vancuren
Batting: LHB Ken Stroud 0-0: SINGLE (Line Drive, 34D)
Batting: RHB Tomás Bermúdez 0-0: Called Strike
0-1: Ball
Ken Stroud steals 2nd base
1-1: Ball
2-1: Ball
3-1: Base on Balls
Batting: RHB Ron Bernard 0-0: Called Strike
0-1: Foul Ball, location: 2F
0-2: 3-RUN HOME RUN (Flyball, 8LXD), Distance : 419 ft
Batting: LHB José Gómez 0-0: Called Strike
0-1: Foul Ball, location: 2F
0-2: Fly out, F5 (Line Drive, 5S)
Batting: RHB Mike Jennings 0-0: Swinging Strike
0-1: Ball
1-1: Ball
2-1: Swinging Strike
2-2: Ball
3-2: DOUBLE (Line Drive, 7LD)
Batting: RHB Juan Román 0-0: Fly out, F4 (Popup, 4S)
Batting: LHB Jesús Mancía 0-0: Ball
1-0: Ball
2-0: Called Strike
2-1: Called Strike
2-2: Strikes out swinging
Bottom of the 1st over - 3 runs, 3 hits, 0 errors, 1 left on base; Marquette 0 - Ottawa 3
TOP OF THE 2ND
Marquette Miners batting - Pitching for Ottawa Nationals : LHP Francisco Jiménez
Batting: RHB Manuel Rosales 0-0: Called Strike
0-1: Foul Ball, location: 2F
0-2: Ball
1-2: Ball
2-2: DOUBLE (Line Drive, 8LD)
Batting: LHB Shelby Noonan 0-0: Ball
1-0: Swinging Strike
1-1: Called Strike
1-2: Strikes out swinging
Batting: RHB Sameen Shaw 0-0: Ball
1-0: SINGLE (Flyball, 89S)
Manuel Rosales to third
Runner from 3rd tries for Home, SAFE, no throw
Batting: LHB Dong-hwan Yun 0-0: Called Strike
0-1: Called Strike
Sameen Shaw steals 2nd base
0-2: Strikes out swinging
Batting: RHB Ryan French 0-0: Called Strike
0-1: Ball
1-1: Ball
2-1: SINGLE (Groundball, 34D)
Sameen Shaw to third
Runner from 3rd tries for Home, throw and OUT!
Top of the 2nd over - 1 run, 3 hits, 0 errors, 1 left on base; Marquette 1 - Ottawa 3
BOTTOM OF THE 2ND
Ottawa Nationals batting - Pitching for Marquette Miners : RHP Carson Vancuren
Batting: SHB Tristan Shanks 0-0: Ball
1-0: Ball
2-0: Ball
3-0: Called Strike
3-1: Foul Ball, location: 2F
3-2: Strikes out looking
Batting: RHB Miguel González 0-0: Called Strike
0-1: Called Strike
0-2: Ball
1-2: Fly out, F7 (Flyball, 7LS)
Batting: LHB Ken Stroud 0-0: Ball
1-0: Ground out 6-3 (Groundball, 6)
Bottom of the 2nd over - 0 runs, 0 hits, 0 errors, 0 left on base; Marquette 1 - Ottawa 3
TOP OF THE 3RD
Marquette Miners batting - Pitching for Ottawa Nationals : LHP Francisco Jiménez
Batting: LHB Francisco Alfaro 0-0: Called Strike
0-1: Ball
1-1: Called Strike
1-2: Strikes out swinging
Batting: RHB Juan Tellado 0-0: Called Strike
0-1: Ball
1-1: Called Strike
1-2: Strikes out looking
Batting: LHB Greg Gross 0-0: Ground out 6-3 (Groundball, 6M)
Top of the 3rd over - 0 runs, 0 hits, 0 errors, 0 left on base; Marquette 1 - Ottawa 3
BOTTOM OF THE 3RD
Ottawa Nationals batting - Pitching for Marquette Miners : RHP Carson Vancuren
Batting: RHB Tomás Bermúdez 0-0: Ball
1-0: SINGLE (Groundball, 5L) (infield hit)
Batting: RHB Ron Bernard 0-0: Ball
1-0: Called Strike
1-1: Ball
Tomás Bermúdez steals 2nd base
2-1: Ball
3-1: Foul Ball, location: 2F
3-2: Fly out, F7 (Flyball, 7LDF)
Batting: LHB José Gómez 0-0: Foul Ball, location: 2F
0-1: Fly out, F8 (Flyball, 8RS)
Batting: RHB Mike Jennings 0-0: Ball
1-0: Foul Ball, location: 2F
1-1: Called Strike
1-2: Ball
2-2: Fly out, F9 (Flyball, 9S)
Bottom of the 3rd over - 0 runs, 1 hit, 0 errors, 1 left on base; Marquette 1 - Ottawa 3
TOP OF THE 4TH
Marquette Miners batting - Pitching for Ottawa Nationals : LHP Francisco Jiménez
Batting: RHB Edgar Balerio 0-0: Called Strike
0-1: Ball
1-1: Fly out, F9 (Line Drive, 89M)
Batting: RHB Manuel Rosales 0-0: Called Strike
0-1: Ball
1-1: Called Strike
1-2: Foul Ball, location: 2F
1-2: Strikes out swinging
Batting: LHB Shelby Noonan 0-0: Called Strike
0-1: Ball
1-1: Swinging Strike
1-2: Foul Ball, location: 2F
1-2: Ball
2-2: Strikes out looking
Top of the 4th over - 0 runs, 0 hits, 0 errors, 0 left on base; Marquette 1 - Ottawa 3
BOTTOM OF THE 4TH
Ottawa Nationals batting - Pitching for Marquette Miners : RHP Carson Vancuren
Batting: RHB Juan Román 0-0: Ball
1-0: Ball
2-0: Called Strike
2-1: Ball
3-1: Foul Ball, location: 2F
3-2: SINGLE (Line Drive, 56D)
Batting: LHB Jesús Mancía 0-0: Called Strike
0-1: Foul Ball, location: 2F
0-2: Strikes out looking
Batting: SHB Tristan Shanks 0-0: Swinging Strike
0-1: Ball
1-1: Foul Ball, location: 2F
1-2: Ball
2-2: Foul Ball, location: 2F
2-2: Ball
3-2: Fly out, F7 (Flyball, 7S)
Batting: RHB Miguel González 0-0: Called Strike
0-1: Foul Ball, location: 2F
0-2: Foul Ball, location: 2F
0-2: Ball
1-2: Strikes out looking
Bottom of the 4th over - 0 runs, 1 hit, 0 errors, 1 left on base; Marquette 1 - Ottawa 3
TOP OF THE 5TH
Marquette Miners batting - Pitching for Ottawa Nationals : LHP Francisco Jiménez
Pitching: RHP Héctor Aguilar
Batting: RHB Sameen Shaw 0-0: Ball
1-0: Fly out, F1 (Line Drive, 15)
Batting: LHB Dong-hwan Yun 0-0: Reached via error on a dropped throw, E3
Batting: RHB Ryan French 0-0: Called Strike
0-1: Ball
1-1: Swinging Strike
1-2: Ball
2-2: SINGLE (Flyball, 9LM)
Dong-hwan Yun to second
Runner from 2nd tries for 3rd, SAFE, no throw
Batting: LHB Francisco Alfaro 0-0: Ball
1-0: Foul Ball, location: 2F
1-1: Foul Ball, location: 2F
1-2: Strikes out swinging
Batting: RHB Juan Tellado 0-0: Ball
1-0: Ball
2-0: SINGLE (Flyball, 7LS)
Dong-hwan Yun scores
Ryan French to second
Batting: LHB Greg Gross 0-0: Fly out, F8 (Flyball, 8RD)
Top of the 5th over - 1 run, 2 hits, 1 error, 2 left on base; Marquette 2 - Ottawa 3
BOTTOM OF THE 5TH
Ottawa Nationals batting - Pitching for Marquette Miners : RHP Carson Vancuren
Batting: LHB Ken Stroud 0-0: Called Strike
0-1: Swinging Strike
0-2: Foul Ball, location: 2F
0-2: Ball
1-2: Hit by Pitch
Batting: RHB Tomás Bermúdez 0-0: Reached on error, E2 (Groundball, 2R)
Ken Stroud to third
Batting: RHB Ron Bernard 0-0: Ball
1-0: Ball
2-0: Ball
3-0: Called Strike
3-1: Fly out, F3 (Popup, 34)
Batting: LHB José Gómez 0-0: Intentional Walk
Batting: RHB Mike Jennings 0-0: Fly out, F8 (Flyball, 8RM)
Runner from 3rd tags up, SCORES, throw made
Batting: RHB Juan Román 0-0: SINGLE (Line Drive, 56)
Tomás Bermúdez to third
José Gómez to second
Batting: LHB Jesús Mancía 0-0: Called Strike
0-1: SINGLE (Groundball, 56D)
Tomás Bermúdez scores
José Gómez to third
Juan Román to second
Runner from 3rd tries for Home, SAFE, throw made home
Batting: SHB Tristan Shanks 0-0: Called Strike
0-1: Called Strike
0-2: Ball
1-2: Ground out 1-3 (Groundball, 13S)
Bottom of the 5th over - 3 runs, 2 hits, 1 error, 2 left on base; Marquette 2 - Ottawa 6
TOP OF THE 6TH
Marquette Miners batting - Pitching for Ottawa Nationals : RHP Héctor Aguilar
Batting: RHB Edgar Balerio 0-0: Called Strike
0-1: Ball
1-1: Called Strike
1-2: Ball
2-2: Strikes out swinging
Batting: RHB Manuel Rosales 0-0: Called Strike
0-1: Ball
1-1: Called Strike
1-2: Foul Ball, location: 2F
1-2: Ball
2-2: Ball
3-2: Foul Ball, location: 2F
3-2: SINGLE (Line Drive, 6D)
Batting: LHB Shelby Noonan 0-0: Ball
1-0: Called Strike
1-1: Ball
2-1: Foul Ball, location: 2F
2-2: Foul Ball, location: 2F
2-2: Fly out, F9 (Flyball, 9LS)
Batting: RHB Sameen Shaw 0-0: Foul Ball, location: 2F
0-1: Ball
1-1: Fly out, F3 (Popup, 3F)
Top of the 6th over - 0 runs, 1 hit, 0 errors, 1 left on base; Marquette 2 - Ottawa 6
BOTTOM OF THE 6TH
Ottawa Nationals batting - Pitching for Marquette Miners : RHP Carson Vancuren
Batting: RHB Miguel González 0-0: Ball
1-0: Called Strike
1-1: SINGLE (Groundball, 6) (infield hit)
Batting: LHB Ken Stroud 0-0: Sac Bunt - play at first, batter OUT! 1-3
Miguel González to second
Batting: RHB Tomás Bermúdez 0-0: Called Strike
0-1: Ball
1-1: Ball
2-1: Fly out, F7 (Line Drive, 78D)
Batting: RHB Ron Bernard 0-0: Called Strike
0-1: SINGLE (Line Drive, 6) (infield hit)
Miguel González to third
Batting: LHB José Gómez 0-0: Ball
1-0: Foul Ball, location: 2F
1-1: Called Strike
1-2: Foul Ball, location: 2F
1-2: Fly out, F7 (Flyball, 7S)
Bottom of the 6th over - 0 runs, 2 hits, 0 errors, 2 left on base; Marquette 2 - Ottawa 6
TOP OF THE 7TH
Marquette Miners batting - Pitching for Ottawa Nationals : RHP Héctor Aguilar
Batting: LHB Dong-hwan Yun 0-0: Ground out 5-3 (Groundball, 5L)
Batting: RHB Ryan French 0-0: Ball
1-0: Ball
2-0: Foul Ball, location: 2F
2-1: Swinging Strike
2-2: SINGLE (Line Drive, 5S)
Batting: LHB Francisco Alfaro 0-0: Called Strike
0-1: Ball
1-1: Foul Ball, location: 2F
1-2: Ball
2-2: Foul Ball, location: 2F
2-2: Strikes out swinging
Batting: RHB Juan Tellado 0-0: Ball
1-0: Ball
2-0: Ball
3-0: Called Strike
3-1: Swinging Strike
3-2: Foul Ball, location: 2F
3-2: Strikes out swinging
Top of the 7th over - 0 runs, 1 hit, 0 errors, 1 left on base; Marquette 2 - Ottawa 6
BOTTOM OF THE 7TH
Ottawa Nationals batting - Pitching for Marquette Miners : RHP Carson Vancuren
Batting: RHB Mike Jennings 0-0: Fly out, F6 (Popup, 6M)
Batting: RHB Juan Román 0-0: Ball
1-0: SINGLE (Flyball, 8RS)
Pitching: RHP Cisco Ortega
Batting: LHB Jesús Mancía 0-0: Ball
1-0: Ball
2-0: Called Strike
2-1: Called Strike
2-2: Fly out, F9 (Flyball, 9LDF)
Batting: SHB Tristan Shanks 0-0: Fly out, F8 (Flyball, 89D)
Bottom of the 7th over - 0 runs, 1 hit, 0 errors, 1 left on base; Marquette 2 - Ottawa 6
TOP OF THE 8TH
Marquette Miners batting - Pitching for Ottawa Nationals : RHP Héctor Aguilar
Batting: LHB Greg Gross 0-0: Called Strike
0-1: Ball
1-1: Ball
2-1: Foul Ball, location: 2F
2-2: Ground out 5-3 (Groundball, 5)
Batting: RHB Edgar Balerio 0-0: Hit by Pitch
Batting: RHB Manuel Rosales 0-0: Called Strike
0-1: Fly out, F8 (Flyball, 89D)
Batting: LHB Shelby Noonan 0-0: Foul Ball, location: 2F
0-1: Ball
1-1: Ball
2-1: Ball
3-1: Foul Ball, location: 2F
3-2: Foul Ball, location: 2F
3-2: Base on Balls
Edgar Balerio to second
Batting: RHB Sameen Shaw 0-0: Foul Ball, location: 2F
0-1: Ground out 1-3 (Groundball, 15)
Top of the 8th over - 0 runs, 0 hits, 0 errors, 2 left on base; Marquette 2 - Ottawa 6
BOTTOM OF THE 8TH
Ottawa Nationals batting - Pitching for Marquette Miners : RHP Cisco Ortega
Batting: RHB Miguel González 0-0: Ball
1-0: SINGLE (Line Drive, 6MD)
Batting: LHB Ken Stroud 0-0: Sac Bunt - play at first, batter safe!
Miguel González to second
Batting: RHB Tomás Bermúdez 0-0: Sac Bunt - play at first, batter OUT! 1-3
Miguel González to third
Ken Stroud to second
Batting: RHB Ron Bernard 0-0: Ball
1-0: Ball
2-0: Ball
3-0: Base on Balls
Batting: LHB José Gómez 0-0: Ball
1-0: Called Strike
1-1: Ball
2-1: Foul Ball, location: 2F
2-2: Ball
3-2: Base on Balls
Miguel González scores
Ken Stroud to third
Ron Bernard to second
Batting: RHB Mike Jennings 0-0: Ball
1-0: Ball
2-0: Ball
3-0: Base on Balls
Ken Stroud scores
Ron Bernard to third
José Gómez to second
Batting: RHB Juan Román 0-0: Ball
1-0: Ball
2-0: Ball
3-0: Base on Balls
Ron Bernard scores
José Gómez to third
Mike Jennings to second
Batting: LHB Jesús Mancía 0-0: Ball
1-0: GRAND SLAM HOME RUN (Flyball, 9LD), Distance : 357 ft
Batting: SHB Tristan Shanks 0-0: Foul Ball, location: 2F
0-1: SINGLE (Line Drive, 3S)
Batting: RHB Miguel González 0-0: Ball
1-0: Called Strike
1-1: Called Strike
1-2: Strikes out swinging
Batting: LHB Ken Stroud 0-0: Ball
1-0: Called Strike
1-1: Called Strike
1-2: Fielders Choice at 2nd, 5-4 (Groundball, 56)
Bottom of the 8th over - 7 runs, 4 hits, 0 errors, 1 left on base; Marquette 2 - Ottawa 13
TOP OF THE 9TH
Marquette Miners batting - Pitching for Ottawa Nationals : RHP Héctor Aguilar
Now at SS: Jorge Cortés
Batting: LHB Dong-hwan Yun 0-0: Foul Ball, location: 2F
0-1: Foul Ball, location: 2F
0-2: Strikes out looking
Batting: RHB Ryan French 0-0: Called Strike
0-1: Foul Ball, location: 2F
0-2: Ball
1-2: Foul Ball, location: 2F
1-2: Strikes out swinging
Pinch Hitting: SHB Norm Singletary 0-0: Foul Ball, location: 2F
0-1: Ball
1-1: SINGLE (Flyball, 6MD)
Batting: RHB Juan Tellado 0-0: Foul Ball, location: 2F
0-1: Ground out 5-3 (Groundball, 56S)
Top of the 9th over - 0 runs, 1 hit, 0 errors, 1 left on base; Marquette 2 - Ottawa 13
Tuesday, December 19th, 2017 - OOTP Baseball 18.8 Build 76